 Dungeon Crawl Stone Soup version 0.25.1-1-g288607f (webtiles) character file.

Game seed: 16805824905940709592

719 Golfball the Skirmisher (level 7, -2/48 HPs)
             Began as a Gargoyle Fighter on July 21, 2020.
             Was a Follower of Okawaru.
             Slain by Edmund
             ... wielding a +0 dire flail of protection
              (5 damage)
             ... on level 5 of the Dungeon.
             The game lasted 00:13:04 (4974 turns).

Golfball the Skirmisher (Gargoyle Fighter)          Turns: 4974, Time: 00:13:04

Health: -2/48      AC: 11    Str: 19    XL:     7   Next: 70%
Magic:  16/16      EV:  7    Int:  9    God:    Okawaru [*.....]
Gold:   302        SH:  9    Dex: 11    Spells: 6/6 levels left

rFire    . . .     SeeInvis .   a - +0 flail
rCold    . . .     Gourm    .   c - +0 kite shield
rNeg     + . .     Faith    .   i - +0 scale mail
rPois    ∞         Spirit   .   (no helmet)
rElec    +         Reflect  .   (no cloak)
rCorr    .         Harm     .   (no gloves)
MR       .....                  (no boots)
Stlth    ..........             (no amulet)
HPRegen  0.16/turn              z - ring of magical power
MPRegen  0.15/turn              (no ring)

@: no status effects
A: negative energy resistance 1, electricity resistance, unbreathing,
petrification resistance, rot immunity, AC +4
a: Heroism, Renounce Religion


You were on level 5 of the Dungeon.
You worshipped Okawaru.
Okawaru was aware of your devotion.
You were hungry.

You visited 2 branches of the dungeon, and saw 6 of its levels.

You collected 302 gold pieces.

Inventory:

Hand Weapons
 a - a +0 flail (weapon)
 b - a +3 hunting sling
Missiles
 e - 291 stones (quivered)
 k - 29 sling bullets
 q - 23 poisoned darts
Armour
 c - a +0 kite shield (worn)
 i - a +0 scale mail (worn)
Jewellery
 z - a ring of magical power (left hand)
Wands
 u - a wand of clouds (5)
Scrolls
 h - a scroll of identify
 j - a scroll of magic mapping
 l - 3 scrolls of teleportation
 r - a scroll of enchant armour {unknown}
 s - a scroll of remove curse
 x - a scroll of fog
 y - a scroll of torment {unknown}
 A - a scroll of enchant weapon {unknown}
Potions
 d - a potion of might
 g - 2 potions of curing
 m - a potion of ambrosia
 n - 4 potions of stabbing
 o - 3 potions of haste
 p - a potion of invisibility
 t - a potion of heal wounds
 v - a potion of degeneration {unknown}
 w - a potion of brilliance {unknown}
Comestibles
 f - 16 rations


   Skills:
 - Level 7.0 Fighting
   Level 0.8(2.8) Axes
 + Level 4.7 Maces & Flails
 + Level 3.3 Slings
 - Level 3.2 Armour
 - Level 3.2 Shields


You had 6 spell levels left.
You didn't know any spells.
Your spell library was empty.

Dungeon Overview and Level Annotations

Branches:
Dungeon (5/15)             Temple (1/1) D:4

Altars:
Ashenzari
Cheibriados
Dithmenos
Elyvilon
Fedhas
Gozag
Nemelex Xobeh
Okawaru
Ru
Sif Muna
Trog
Uskayaw
Vehumet
Wu Jian
Yredelemnul
Zin
The Shining One

Shops:
D:4 (

Annotations:
D:5 Edmund


Innate Abilities, Weirdness & Mutations

You are resistant to torment.
Your stone body is resilient. (AC +4)
You are immune to poison.
You resist negative energy. (rN+)
You are resistant to electric shocks. (rElec)
You can survive without breathing.
You are immune to petrification.
You are immune to rotting.


Message History

Edmund is almost dead.
Edmund hits you with a +0 dire flail of protection.
* * * LOW HITPOINT WARNING * * *
You hit Edmund but do no damage.
Edmund is almost dead.
Edmund gestures with his flail.
Edmund barely misses you.
You closely miss Edmund.
Edmund is almost dead.
Edmund hits you but does no damage. Edmund barely misses you.
You hit Edmund but do no damage.
Edmund is almost dead.
Edmund hits you but does no damage.
You hit Edmund.
Edmund is almost dead.
You block Edmund's attack.
You hit Edmund but do no damage.
Edmund is almost dead.
Edmund hits you with a +0 dire flail of protection.
You die...

......#.# #.#..##..#.#.........#
......#.# ##.#......#...........#
##....#.# #..#..#...............#
######.# #..#..#...............#
#.# #..#≈≈#...#...........# ####
#.# #..####...#...........# ...##
#.###..#..#...#...........# ....#
#......#.@#...#...........#
....###..###.#..@...#...........#
.....##..# #.#....#[#.##.########
.....##..# #.########.#..#
.....##..# #..........#..#
......##.# ###.#####.##.########
......##.# #.# ##...........##
......##.# #.# #..............
.........# #.####..............
#........## #...................


You could see Edmund.

Vanquished Creatures
  Sigmund (D:5)
  A scorpion (D:4)
  2 crimson imps (D:5)
  A hound (D:4)
  3 orc wizards
  2 orc priests (D:3)
  An iguana (D:5)
  2 worker ants
  A hound skeleton (D:5)
  A worker ant zombie (D:5)
  3 gnolls (D:3)
  5 adders
  An ooze (D:1)
  An adder skeleton (D:5)
  A worm (D:5)
  2 dart slugs
  19 orcs
  4 giant cockroaches
  4 goblins
  3 hobgoblins
  3 jackals (D:4)
  A quokka (D:2)
  3 ball pythons
  7 bats
  5 frilled lizards
  7 kobolds
  A leopard gecko skeleton (D:4)
  8 rats
93 creatures vanquished.

Vanquished Creatures (others)
  Ijyb (D:3)
  A quokka (D:5)
2 creatures vanquished.

Grand Total: 95 creatures vanquished

Notes
Turn   | Place    | Note
-------+----------+-------------------------------------------
     0 | D:1      | Golfball the Gargoyle Fighter began the quest for the Orb.
     0 | D:1      | Reached XP level 1. HP: 14/14 MP: 1/1
    30 | D:1      | Reached XP level 2. HP: 16/19 MP: 2/2
   769 | D:2      | Found a glowing silver altar of Zin.
   876 | D:2      | Reached skill level 4 in Fighting
   876 | D:2      | Reached XP level 3. HP: 17/24 MP: 3/3
  1118 | D:2      | Found a bloodstained altar of Trog.
  1764 | D:3      | Reached XP level 4. HP: 30/30 MP: 4/4
  1769 | D:3      | Reached skill level 5 in Fighting
  1882 | D:3      | Reached XP level 5. HP: 8/36 MP: 5/5
  2253 | D:3      | Found a faded altar of an unknown god.
  2410 | D:3      | Reached skill level 6 in Fighting
  2705 | D:3      | Noticed Ijyb
  2712 | D:3      | Killed Ijyb
  2725 | D:3      | Found a shattered altar of Ashenzari.
  2987 | D:4      | Found Qaygetenn's Antique Weapon Shop.
  3026 | D:3      | Reached XP level 6. HP: 12/42 MP: 6/6
  3283 | D:4      | Found a staircase to the Ecumenical Temple.
  3291 | Temple   | Entered the Ecumenical Temple
  3350 | Temple   | Became a worshipper of Warmaster Okawaru
  3568 | D:4      | Reached skill level 7 in Fighting
  3599 | D:4      | Reached skill level 1 in Slings
  3943 | D:5      | Entered Level 5 of the Dungeon
  3989 | D:5      | Found a white marble altar of Elyvilon.
  4138 | D:5      | Reached XP level 7. HP: 47/48 MP: 7/7
  4797 | D:5      | Noticed Sigmund
  4823 | D:5      | Killed Sigmund
  4823 | D:5      | Reached * piety under Okawaru
  4939 | D:5      | Noticed Edmund
  4969 | D:5      | HP: 2/48 [Edmund/+0 dire flail of protection (6)]
  4974 | D:5      | Slain by Edmund

Illustrated notes

Levels and vault maps discovered:
D:1:      lemuel_arrival_broad_hall, layout_basic,
          minmay_misc_feat_more_columns, hex_large, minmay_tetromino_i4
D:2:      layout_loops_ring, nicolae_overflow_hidden_temple,
          lemuel_crystal_altar, minmay_quantized
D:3:      minmay_evil_eye, layout_basic, ashenzari_conservatory_becter,
          chequers_ecumenical_altar_island, uniq_ijyb
D:4:      layout_loops_cross, minmay_temple_entry_drinking_statues,
          serial_shops, shop_statue
D:5:      layout_cave_pods, elyvilon_altar_4, first_ration,
          sigmund_edmund_badplayer
Temple:   cyrus_circular_temple

Skill      XL: |  1  2  3  4  5  6  7 |
---------------+----------------------+-----
Fighting       | 4 5 6 7 |  7.0
Maces & Flails | 3 4 |  4.7
Slings         | 2 3 |  3.3
Axes           | |  0.8
Armour         | |  3.2
Shields        | |  3.2

Action                   |  1- 3 |  4- 6 |  7- 9 || total
-------------------------+-------+-------+-------++-------
Melee: Flail             |    61 |   206 |   106 ||   373
       Hand axe          |    76 |       |       ||    76
 Fire: Hunting sling     |       |    31 |       ||    31
  Use: Scroll            |     7 |     4 |     1 ||    12
  Eat: Chunk             |     3 |     8 |     2 ||    13
Armor: Scale mail        |    62 |   132 |    51 ||   245
Dodge: Dodged            |    41 |    73 |    22 ||   136
Block: Kite shield       |    78 |   106 |    37 ||   221
